 Dungeon Crawl Stone Soup version 0.29-a0-923-g6e406bff71 (webtiles) character file.

Game seed: 14496395091992939063

2 Newt the Insei (level 1, -1/16 HPs)
             Began as a Demonspawn Gladiator on July 27, 2022.
             Slain by a hobgoblin (3 damage)
             ... on level 1 of the Dungeon.
             The game lasted 00:00:19 (237 turns).

Newt the Insei (Demonspawn Gladiator)                Turns: 237, Time: 00:00:19

Health: -1/16      AC:  4    Str: 14    XL:     1   Next: 33%
Magic:  1/1        EV: 12    Int:  9    God:
Gold:   10         SH:  0    Dex: 14    Spells: 0/0 levels left

rFire   . . .      SeeInvis .     - Unarmed
rCold   . . .      Faith    .   (no shield)
rNeg    . . .      Spirit   .   a - +0 leather armour
rPois   .          Reflect  .   b - +0 helmet
rElec   .          Harm     .   (no cloak)
rCorr   .          Rampage  .   (no gloves)
Will    .....                   (no boots)
Stlth   +.........              (no amulet)
HPRegen 0.05/turn               (no ring)
MPRegen 0.07/turn               (no ring)

@: no status effects
A: no striking features
a: no special abilities


You were on level 1 of the Dungeon.
You visited 1 branch of the dungeon, and saw 1 of its levels.

You collected 10 gold pieces.

Inventory:

Missiles
 c - 3 throwing nets (quivered)
 d - a javelin
Armour
 a - a +0 leather armour (worn)
 b - a +0 helmet (worn)


   Skills:
 + Level 2.0 Fighting
 + Level 1.8 Throwing
 + Level 2.7 Dodging
 + Level 2.7 Unarmed Combat


You couldn't memorise any spells.
You didn't know any spells.
Your spell library was empty.

Dungeon Overview and Level Annotations

Branches:
Dungeon (1/15)

Altars:


Message History

There are monsters nearby!
You now have 10 gold pieces.
A ball python comes into view.
A giant cockroach comes into view.
The kobold misses you.
You barely miss the kobold.
The hobgoblin shouts!
The bat misses you. The kobold hits you with a +0 whip.
You closely miss the kobold. The bat hits you but does no damage.
The bat barely misses you.
You hit the kobold but do no damage. The bat closely misses you. x2
The kobold closely misses you.
A hobgoblin comes into view.
You closely miss the kobold. You punch the kobold, but do no damage.
The bat barely misses you. The kobold misses you.
The ball python bites you but does no damage.
The ball python grabs you. The ball python constricts you.
You hit the kobold.
The kobold is moderately wounded.
The bat misses you.
The ball python bites you but does no damage.
The ball python constricts you. The kobold hits you with a +0 whip.
You escape the ball python's grasp.
The bat hits you but does no damage. The kobold closely misses you.
The bat hits you but does no damage. The giant cockroach misses you.
The bat closely misses you.
The giant cockroach attacks as you move away!
The giant cockroach bites you but does no damage.
The hobgoblin attacks as you move away! The hobgoblin hits you.
The bat hits you.
You see here 4 stones.
The hobgoblin attacks as you move away!
The hobgoblin hits you but does no damage.
The bat barely misses you. The hobgoblin attacks as you move away!
The hobgoblin hits you.
* * * LOW HITPOINT WARNING * * *
The giant cockroach attacks as you move away!
The giant cockroach barely misses you. The hobgoblin attacks as you move away!
The hobgoblin hits you.
You die...

....?###.....
............# .
#........:.#
#.#...)......#
##.#..........#
..............#
#.#..........#######
#..........b.......#
..#......K.B@.####.#
#.....g.Sg#.####.####
#....######.##......##
#.....##
#.##.#.##..######
#...[.
#.##.#.###.......
#..... #......#
######## ##...#
##.#..## #... #....###
#... ####......# #


You could see a giant cockroach, 2 hobgoblins, a bat, a ball python and a
kobold.

Vanquished Creatures
  2 endoplasms (D:1)
2 creatures vanquished.

Notes
Turn   | Place    | Note
-------+----------+-------------------------------------------
     0 | D:1      | Newt the Demonspawn Gladiator began the quest for the Orb.
     0 | D:1      | Reached XP level 1. HP: 16/16 MP: 1/1
   237 | D:1      | Slain by a hobgoblin

Illustrated notes

Levels and vault maps discovered:
D:1:      psy_arrival_whirlpool, layout_loops_cross

Action                   || total
-------------------------++-------
Melee: Unarmed           ||    11
       Punch             ||     2
Armor: Leather armour    ||     8
Dodge: Dodged            ||    16

Table legend: (Time is in decaauts)
 A = Elapsed time spent in this place.
 B = Non-inter-level travel time spent in this place.
 C = Inter-level travel time spent in this place.
 D = Time resting spent in this place.
 E = Time spent auto-exploring this place.
 F = Levels seen in this place.
 G = Mean time per level.
                   A        B        C        D        E       F      G
               +--------+--------+--------+--------+--------+-----+--------+
         Total |    237 |    237 |      0 |      0 |    205 |   1 |  237.0 |
       Dungeon |    237 |    237 |      0 |      0 |    205 |   1 |  237.0 |
               +--------+--------+--------+--------+--------+-----+--------+

Top non-repeatable levels by time:
     D:1: 237 daAuts
